 Dungeon Crawl Stone Soup version 0.17-a0-1769-g54adf96 (webtiles) character file.

56 nubinia the Magician (level 3, -1/16 HPs)
             Began as a Spriggan Earth Elementalist on Sept 7, 2015.
             Slain by Crazy Yiuf
             ... wielding a +2 quarterstaff of chaos
              (17 damage)
             ... on level 2 of the Dungeon.
             The game lasted 00:07:20 (2525 turns).

nubinia the Magician (Spriggan Earth Elementalist)  Turns: 2525, Time: 00:07:20

Health: -1/16      AC:  2    Str:  4    XL:     3   Next: 69%
Magic:  9/9        EV: 18    Int: 17    God:
Gold:   76         SH:  0    Dex: 16    Spells: 3 memorised, 3 levels left

rFire  . . .     SeeInvis +     m - +0 dagger (speed)
rCold  . . .     Clarity  .     g - +0 robe
rNeg   . . .     SustAt   .     (shield restricted)
rPois  .         Gourm    .     (helmet restricted)
rElec  .         Spirit   .     (no cloak)
rCorr  .         Warding  .     (gloves unavailable)
rMut   .         Stasis   .     (boots unavailable)
MR     .....                    (no amulet)
Stlth  +++.......               (no ring)
                                (no ring)

@: very quick, not resistant to hostile enchantments, fairly stealthy
A: unfitting armour, see invisible, herbivore 3, speed 3, slow metabolism 2
a: no special abilities


You were on level 2 of the Dungeon.
You were not hungry.

You visited 1 branch of the dungeon, and saw 2 of its levels.

You collected 76 gold pieces.

Inventory:

Hand weapons
 b - a +0 dagger
 m - a +0 dagger of speed (weapon)
 s - a +0 hunting sling
Missiles
 a - 83 stones (quivered)
Armour
 g - a +0 robe (worn)
Jewellery
 f - an uncursed ring of ice
Scrolls
 e - a scroll of magic mapping {unknown}
 j - a scroll of teleportation {unknown}
 n - a scroll of remove curse {unknown}
 o - a scroll of recharging {unknown}
Potions
 h - a potion of agility
 i - a potion of haste {unknown}
 l - a potion of invisibility
Books
 c - a book of Geomancy

   Spells                             Type                      Level
   a - Sandblast                      Earth                        1
   b - Stoneskin                      Transmutation/Earth          2
   c - Passwall                       Transmutation/Earth          3
   d - Stone Arrow                    Conjuration/Earth            3
   e - Petrify                        Transmutation/Earth          4
   f - Lee's Rapid Deconstruction     Earth                        5
Comestibles
 d - 2 bread rations
 k - a royal jelly


   Skills:
 + Level 0.2 Short Blades
 + Level 3.4 Dodging
 + Level 3.3 Stealth
 + Level 3.9 Spellcasting
 + Level 1.3 Transmutations
 + Level 3.3 Earth Magic


You had 3 spell levels left.
You knew the following spells:

 Your Spells              Type           Power        Failure   Level  Hunger
a - Sandblast             Erth           ##....       4%          1    None
b - Stoneskin             Trmt/Erth      ##......     12%         2    ##.....
c - Passwall              Trmt/Erth      ##........   21%         3    ###....


Dungeon Overview and Level Annotations

Branches:
Dungeon (2/15)

Altars:
Ashenzari

Annotations:
D:2 Crazy Yiuf, Jessica


Innate Abilities, Weirdness & Mutations

You are tiny and cannot use many weapons and most armour.
You have supernaturally acute eyesight.
You are a herbivore.
You cover ground extremely quickly.
You need consume almost no food.


Message History

You kill the kobold!
You start resting.
Magic restored.
You start resting.
HP restored.
a - 83 stones (gained 1)
You see here a giant cockroach corpse.
You see here an uncursed dagger.
You see here a giant cockroach corpse.
There is a stone staircase leading down here.
You open the door.
Crazy Yiuf the Enlightened comes into view.
He is wielding a quarterstaff of chaos.
Found a hammer.
There is an open door here.
The helpless Crazy Yiuf fails to defend himself.
You puncture Crazy Yiuf!
Crazy Yiuf is heavily wounded.
Crazy Yiuf hits you with a quarterstaff of chaos!
Ouch! That really hurt!
You die...

### ##.## ##.#.##
##.###.#####
##.## ##.##.#
#.## ##...#
♣♣♣♣♣### ##.##
##.####
#####♣♣♣.♣..#.##
###.###.##..#
#...#♣..♣......##
.....#.....>#
#g@.'.♣♣♣♣......#
..##..####.##
#)..#♣♣ ♣♣.#...#
......## #.#
##### ♣♣###.#
.......###.# #..#
...........# #.##
.......#####
##### ### #.#
......## #.#.#
#.# #.# #....##
#.#.# #.# #.#
...#.# #.#.# #.#
#.#


You could see Crazy Yiuf.

Vanquished Creatures
  3 adders
  A worm (D:2)
  A giant cockroach (D:2)
  3 hobgoblins
  3 jackals
  8 kobolds
  A quokka (D:2)
  A bat (D:1)
  4 goblins
  2 rats
27 creatures vanquished.

Notes
Turn   | Place    | Note
--------------------------------------------------------------
     0 | D:1      | nubinia the Spriggan Earth Elementalist began the quest for the Orb.
     0 | D:1      | Reached XP level 1. HP: 9/9 MP: 5/5
  1012 | D:1      | Reached XP level 2. HP: 13/13 MP: 6/6
  1052 | D:1      | Learned a level 2 spell: Stoneskin
  1495 | D:2      | Reached XP level 3. HP: 16/16 MP: 6/8
  1516 | D:2      | Learned a level 3 spell: Passwall
  1593 | D:2      | Found a shattered altar of Ashenzari.
  1680 | D:2      | Noticed Jessica
  2521 | D:2      | Noticed Crazy Yiuf
  2525 | D:2      | Slain by Crazy Yiuf

Vault maps used:
D:1:      erik_arrival_triangle_medium, serial_corexii_hall,
          corexii_hall_statues_s, corexii_hall_statues_l,
          corexii_hall_statues_i, corexii_hall_statues_l,
          corexii_hall_statues_u, corexii_hall_statues_x, minmay_misc_feat_rows
D:2:      evilmike_ruin_ashenzari, uniq_crazy_yiuf_cottage, uniq_jessica

Action                   || total
-------------------------++-------
Melee: Dagger            ||    56
       Unarmed           ||     1
 Cast: Sandblast         ||    37
       Stoneskin         ||     1
  Use: Potion            ||     1
       Scroll            ||     2
 Stab: Sleeping          ||     4
